 Dungeon Crawl Stone Soup version 0.30-a0-4-ga7cffc901d (webtiles) character file.

Game seed: 12458390532341354044

889 themarg the Insei (level 8, -2/60 HPs)
             Began as a Gnoll Transmuter on Aug 20, 2022.
             Slain by an orc
             ... wielding a +0 club
              (3 damage)
             ... on level 5 of the Dungeon.
             The game lasted 00:15:21 (4264 turns).

themarg the Insei (Gnoll Transmuter)                Turns: 4264, Time: 00:15:22

Health: -2/60      AC:  2    Str:  9    XL:     8   Next: 6%
Magic:  12/16      EV: 23    Int: 14    God:
Gold:   129        SH:  0    Dex: 19    Spells: 12/18 levels left

rFire   . . .      SeeInvis +      - Unarmed
rCold   . . .      Faith    .    (shield currently unavailable)
rNeg    . . .      Spirit   .    (body armour currently unavailable)
rPois   x          Reflect  .    (helmet currently unavailable)
rElec   .          Harm     .    (cloak currently unavailable)
rCorr   .          Rampage  .    (gloves currently unavailable)
Will    .....                    (boots currently unavailable)
Stlth   +++.......               (no amulet)
HPRegen 0.20/turn                u - ring of see invisible
MPRegen 0.15/turn                (no ring)

@: about to teleport, spider-form (expiring), wereblooded
A: venomous fangs, tiny, (fangs 1), strong nose, distributed training
a: End Transformation


You were on level 5 of the Dungeon.
You were a venomous arachnid creature.
You visited 1 branch of the dungeon, and saw 5 of its levels.

You collected 368 gold pieces.
You spent 239 gold pieces at shops.

Inventory:

Hand Weapons
 g - a +0 rapier of venom (melded)
Missiles
 e - a throwing net
 F - 7 poisoned darts
Armour
 a - a +0 robe (melded)
 k - a +0 pair of boots (melded)
 t - a +2 helmet (melded)
 y - a +2 pair of gloves (melded)
 z - the +0 ring mail of Complete Protection {+Inv rElec}
   (You found it on level 3 of the Dungeon)

   rElec:     It insulates you from electricity.
   +Inv:      It lets you turn invisible.
Jewellery
 u - a ring of see invisible (left front leg)
Scrolls
 d - a scroll of brand weapon {unknown}
 f - 2 scrolls of enchant armour {unknown}
 i - a scroll of fear {unknown}
 j - 2 scrolls of magic mapping
 l - a scroll of vulnerability {unknown}
 n - 3 scrolls of enchant weapon {unknown}
 p - a scroll of poison {unknown}
 q - 4 scrolls of immolation
 r - 2 scrolls of amnesia {unknown}
 s - a scroll of acquirement {unknown}
 v - a scroll of blinking {unknown}
 x - 3 scrolls of noise {unknown}
 B - a scroll of teleportation
 D - a scroll of fog {unknown}
 G - a scroll of identify
Potions
 b - a potion of lignification
 c - a potion of berserk rage {unknown}
 h - 4 potions of haste
 m - a potion of mutation {unknown}
 o - 5 potions of curing
 w - a potion of invisibility {unknown}
 A - a potion of might {unknown}
 C - a potion of cancellation {unknown}
 E - a potion of heal wounds


   Skills:
 + Level 4.0 Fighting
 + Level 3.0 Short Blades
 + Level 3.0 Long Blades
 + Level 3.0 Axes
 + Level 3.0 Maces & Flails
 + Level 3.0 Polearms
 + Level 3.0 Staves
 + Level 3.0 Ranged Weapons
 + Level 3.0 Throwing
 + Level 3.0 Armour
 + Level 5.5 Dodging
 + Level 3.0 Stealth
 + Level 3.0 Shields
 + Level 7.2 Unarmed Combat
 + Level 5.9 Spellcasting
 + Level 2.4 Conjurations
 + Level 2.4 Hexes
 + Level 2.4 Summonings
 + Level 2.4 Necromancy
 + Level 2.4 Translocations
 + Level 4.5 Transmutations
 + Level 2.4 Fire Magic
 + Level 2.4 Ice Magic
 + Level 2.4 Air Magic
 + Level 2.4 Earth Magic
 + Level 2.4 Poison Magic
 + Level 3.3 Invocations
 + Level 3.0 Evocations


You had 12 spell levels left.
You knew the following spells:

 Your Spells              Type           Power      Damage    Failure   Level
a - Beastly Appendage     Tmut           34%        N/A       10%         1
b - Wereblood             Tmut           17%        N/A       12%         2
c - Spider Form           Tmut/Pois      14%        N/A       26%         3

Your spell library contained the following spells:

 Spells                   Type           Power      Damage    Failure   Level
 Passwall                 Tmut/Erth      11%        N/A       16%         2
 Sandblast                Erth           22%        2d7       17%         1
 Static Discharge         Conj/Air       11%        3-5/arc   22%         2
 Stone Arrow              Conj/Erth      22%        3d8       36%         3
 Ice Form                 Ice/Tmut       14%        N/A       58%         4
 Dispel Undead            Necr           11%        3d9       71%         4
 Sticky Flame             Conj/Fire      11%        2d3       71%         4


Dungeon Overview and Level Annotations

Branches:
Dungeon (5/15)
 Temple: D:4-7

Altars:
Gozag
Uskayaw
The Shining One

Shops:
D:1 ?   D:4 !(=[


Innate Abilities, Weirdness & Mutations

You are a venomous arachnid creature.
You have poisonous fangs.
You are tiny and dextrous.
Your spellcasting is less reliable in this form.
Your armour is entirely melded.
You are incapable of wielding weapons or throwing items.
((You have very sharp teeth.))
Your uncanny sense of smell can sniff out nearby items.
Your experience applies equally to all skills.


Message History

The gnoll sergeant hits you with a +0 spear.
The gnoll sergeant blocks your attack.
An orc comes into view.
It is wielding a +0 falchion and wearing a +1 ring mail of fire resistance.
The gnoll sergeant barely misses you.
You hit the gnoll sergeant but do no damage.
The gnoll sergeant is poisoned.
The gnoll sergeant hits you with a +0 spear!
You hit the gnoll sergeant but do no damage.
The gnoll sergeant blocks your attack.
The gnoll sergeant hits you with a +0 spear!
The gnoll misses you. The gnoll sergeant closely misses you.
The gnoll attacks as you move away! The gnoll hits you with a +0 flail.
The gnoll attacks as you move away! The gnoll hits you with a +0 club.
* * * LOW HITPOINT WARNING * * *
The orc misses you.
You hit the orc.
The orc is poisoned.
The orc is severely wounded.
The gnoll hits you with a +0 club.
* * * LOW HITPOINT WARNING * * *
The orc hits you with a +0 flail.
* * * LOW HITPOINT WARNING * * *
The gnoll sergeant closely misses you.
As you read the scroll of teleportation, it crumbles to dust.
You feel strangely unstable. The orc closely misses you.
The orc completely misses you.
The gnoll sergeant completely misses you.
You hit the orc.
The orc is poisoned.
The orc is heavily wounded.
The gnoll misses you. The orc completely misses you.
The orc hits you with a +0 flail.
* * * LOW HITPOINT WARNING * * *
The gnoll closely misses you.
The gnoll sergeant hits you from afar with a +0 spear.
* * * LOW HITPOINT WARNING * * *
The orc attacks as you move away! The orc closely misses you.
The gnoll attacks as you move away! The gnoll misses you.
Your transformation is almost over.
You kill the orc!
The orc attacks as you move away! The orc hits you with a +0 club.
You die...

##..........#
#...†########
#....# #....#
#....########
#####.......#
#.......#
#.......#
###+#...oos.#
.......)ggg.#
............#
............#
............#
.##+#.......#
#.......#
#.......#
........#


You could see a gnoll sergeant (poisoned), 2 gnolls and 2 orcs.

Vanquished Creatures
  Pikel (D:4)
  An ice beast (D:5)
  An ogre (D:4)
  A scorpion (D:5)
  A jelly (D:4)
  An orc wizard (D:4)
  4 gnolls (D:5)
  3 adders (D:4)
  A worm (D:4)
  8 dart slugs (D:3)
  7 orcs
  2 ball pythons
  7 endoplasms
  5 giant cockroaches
  5 hobgoblins
  6 jackals
  6 kobolds
  2 quokkas
  6 bats
  2 frilled lizards
  7 goblins
  2 rats
79 creatures vanquished.

Vanquished Creatures (others)
  A plant (D:3)
1 creature vanquished.

Grand Total: 80 creatures vanquished

Notes
Turn   | Place    | Note
-------+----------+-------------------------------------------
     0 | D:1      | themarg the Gnoll Transmuter began the quest for the Orb.
     0 | D:1      | Reached XP level 1. HP: 17/17 MP: 6/6
   330 | D:1      | Reached XP level 2. HP: 23/23 MP: 5/7
   333 | D:1      | Learned a level 2 spell: Wereblood
   369 | D:1      | Found Xiolecra's Magic Scroll Emporium.
   380 | D:1      | Bought a scroll of identify for 24 gold pieces
  1466 | D:2      | Reached skill level 5 in Spellcasting
  1466 | D:2      | Reached XP level 3. HP: 26/28 MP: 6/9
  1708 | D:2      | Found a faded altar of an unknown god.
  1829 | D:3      | Found a glowing golden altar of the Shining One.
  1853 | D:3      | Reached skill level 1 in Invocations
  2151 | D:3      | Reached skill level 1 in Short Blades
  2151 | D:3      | Reached skill level 1 in Long Blades
  2151 | D:3      | Reached skill level 1 in Axes
  2151 | D:3      | Reached skill level 1 in Maces & Flails
  2151 | D:3      | Reached skill level 1 in Polearms
  2151 | D:3      | Reached skill level 1 in Staves
  2151 | D:3      | Reached skill level 1 in Ranged Weapons
  2151 | D:3      | Reached skill level 1 in Throwing
  2151 | D:3      | Reached skill level 1 in Armour
  2151 | D:3      | Reached skill level 1 in Stealth
  2151 | D:3      | Reached skill level 1 in Shields
  2151 | D:3      | Reached skill level 1 in Evocations
  2175 | D:3      | Found an opulent altar of Gozag.
  2435 | D:3      | Identified the +0 ring mail of Complete Protection {+Inv
                  | rElec}
  2487 | D:3      | Reached XP level 4. HP: 34/34 MP: 7/11
  2649 | D:4      | Reached skill level 1 in Conjurations
  2649 | D:4      | Reached skill level 1 in Hexes
  2649 | D:4      | Reached skill level 1 in Summonings
  2649 | D:4      | Reached skill level 1 in Necromancy
  2649 | D:4      | Reached skill level 1 in Translocations
  2649 | D:4      | Reached skill level 1 in Fire Magic
  2649 | D:4      | Reached skill level 1 in Ice Magic
  2649 | D:4      | Reached skill level 1 in Air Magic
  2649 | D:4      | Reached skill level 1 in Earth Magic
  2649 | D:4      | Reached skill level 1 in Poison Magic
  2662 | D:4      | Reached XP level 5. HP: 27/41 MP: 10/12
  2754 | D:4      | Noticed an ogre
  2832 | D:3      | Learned a level 3 spell: Spider Form
  2842 | D:4      | Killed an ogre
  2843 | D:4      | Reached XP level 6. HP: 19/47 MP: 11/14
  3114 | D:4      | Found Xurpha Meowy's Jewellery Boutique.
  3123 | D:4      | Reached skill level 5 in Dodging
  3130 | D:4      | Found Kyuwid's Antique Armour Shop.
  3195 | D:4      | Found Esiett's Weapon Shoppe.
  3326 | D:4      | Noticed Pikel
  3342 | D:4      | Killed Pikel
  3343 | D:4      | Reached skill level 7 in Unarmed Combat
  3343 | D:4      | Reached XP level 7. HP: 34/53 MP: 13/15
  3614 | D:4      | Found Lihogoc's Distillery.
  3622 | D:4      | Bought a potion of heal wounds for 65 gold pieces
  3703 | D:1      | Bought a scroll of magic mapping for 90 gold pieces
  3703 | D:1      | Bought a scroll of identify for 24 gold pieces
  3703 | D:1      | Bought a scroll of teleportation for 36 gold pieces
  3805 | D:4      | Found a hide-covered altar of Uskayaw.
  3890 | D:5      | Entered Level 5 of the Dungeon
  4232 | D:5      | Reached XP level 8. HP: 50/60 MP: 12/16
  4262 | D:5      | HP: 1/60 [gnoll sergeant/+0 spear (6)]
  4264 | D:5      | Slain by an orc

Illustrated notes

Levels and vault maps discovered:
D:1:      dpeg_arrival_tiny_d, layout_basic, serial_shops, nicolae_square_shop
D:2:      layout_rooms, shapermc_ecumenical_altar_mp_vishouse
D:3:      kennysheep_slugbush, layout_loops_cross, mainiacjoe_overflow_chevrons,
          grunt_gozag_breadcrumbs, kennysheep_big_empty_room, st_stairs_14
D:4:      layout_rooms, kennysheep_mini, serial_shops, shop, shop_coins,
          nicolae_shop_advertising_works [nicolae_subvault_shop_adworks],
          nicolae_shop_bloodbath_and_beyond, uniq_pikel
D:5:      layout_gridville, kennysheep_little_box, gammafunk_ghost_mausoleum

Skill      XL: |  1  2  3  4  5  6  7 |
---------------+----------------------+-----
Spellcasting   | 5 |  5.9
Invocations    | 1 2 3 |  3.3
Short Blades   | 1 2 3 |  3.0
Long Blades    | 1 2 3 |  3.0
Axes           | 1 2 3 |  3.0
Maces & Flails | 1 2 3 |  3.0
Polearms       | 1 2 3 |  3.0
Staves         | 1 2 3 |  3.0
Ranged Weapons | 1 2 3 |  3.0
Throwing       | 1 2 3 |  3.0
Armour         | 1 2 3 |  3.0
Stealth        | 1 2 3 |  3.0
Shields        | 1 2 3 |  3.0
Evocations     | 1 2 3 |  3.0
Conjurations   | 1 2 |  2.4
Hexes          | 1 2 |  2.4
Summonings     | 1 2 |  2.4
Necromancy     | 1 2 |  2.4
Translocations | 1 2 |  2.4
Fire Magic     | 1 2 |  2.4
Ice Magic      | 1 2 |  2.4
Air Magic      | 1 2 |  2.4
Earth Magic    | 1 2 |  2.4
Poison Magic   | 1 2 |  2.4
Fighting       | 3 4 |  4.0
Transmutations | 4 |  4.5
Dodging        | 5 |  5.5
Unarmed Combat | 7 |  7.2

Action                   |  1- 3 |  4- 6 |  7- 9 || total
-------------------------+-------+-------+-------++-------
Melee: Short sword       |    68 |       |       ||    68
       Unarmed           |     6 |    18 |    28 ||    52
       Kick              |    23 |     9 |     4 ||    36
       Bite              |     9 |     2 |     2 ||    13
       Headbutt          |    11 |     3 |       ||    14
       Punch             |     4 |     4 |     1 ||     9
       Long sword        |    10 |       |       ||    10
       Rapier            |     9 |    53 |     9 ||    71
 Cast: Beastly Appendage |    26 |     5 |     1 ||    32
       Wereblood         |     5 |     5 |     2 ||    12
       Spider Form       |       |     2 |     3 ||     5
  Use: Scroll            |     1 |     2 |     1 ||     4
       Potion            |       |       |     1 ||     1
 Stab: Sleeping          |     2 |     1 |       ||     3
Armor: Robe              |    23 |    17 |     4 ||    44
       Skin              |       |     1 |       ||     1
Dodge: Dodged            |    70 |    52 |    43 ||   165

Table legend: (Time is in decaauts)
 A = Elapsed time spent in this place.
 B = Non-inter-level travel time spent in this place.
 C = Inter-level travel time spent in this place.
 D = Time resting spent in this place.
 E = Time spent auto-exploring this place.
 F = Levels seen in this place.
 G = Mean time per level.
                   A        B        C        D        E       F      G
               +--------+--------+--------+--------+--------+-----+--------+
         Total |   4287 |   4043 |    244 |    994 |   2092 |   5 |  857.4 |
       Dungeon |   4287 |   4043 |    244 |    994 |   2092 |   5 |  857.4 |
               +--------+--------+--------+--------+--------+-----+--------+

Top non-repeatable levels by time:
     D:1: 1353 daAuts
     D:3: 1338 daAuts
     D:4: 932 daAuts
     D:2: 566 daAuts
     D:5: 96 daAuts
